 Dungeon Crawl Stone Soup version 0.26-a0-651-gb41185065b (webtiles) character file.

Game seed: 15512296858978919787

19 Irenicus the Slasher (level 2, -5/27 HPs)
             Began as a Minotaur Chaos Knight on Oct 29, 2020.
             Was a Plaything of Xom.
             Slain by a meliai (glowing shapeshifter) (8 damage)
             ... on level 1 of the Dungeon.
             The game lasted 00:01:02 (436 turns).

Irenicus the Slasher (Minotaur Chaos Knight)         Turns: 436, Time: 00:01:03

Health: -5/27      AC:  5    Str: 16    XL:     2   Next: 55%
Magic:  10/10      EV: 11    Int:  9    God:    Xom [..*...]
Gold:   11         SH:  0    Dex:  9    Spells: 1/1 levels left

rFire    . . .     SeeInvis .   a - +0 falchion (chaos)
rCold    . . .     Faith    .   (no shield)
rNeg     . . .     Spirit   .   b - +2 leather armour
rPois    .         Reflect  .   (helmet restricted)
rElec    .         Harm     .   (no cloak)
rCorr    .         Rampage  .   (no gloves)
MR       .....                  (no boots)
Stlth    +.........             (no amulet)
HPRegen  0.09/turn              d - ring of magical power {MP+9}
MPRegen  0.12/turn              (no ring)

@: no status effects
A: retaliatory headbutt, horns 2
a: Renounce Religion


You were on level 1 of the Dungeon.
You worshipped Xom.
You were a toy of Xom.
You visited 1 branch of the dungeon, and saw 1 of its levels.

You collected 11 gold pieces.

Inventory:

Hand Weapons
 a - a +0 falchion of chaos (weapon)
Armour
 b - a +2 leather armour (worn)
Jewellery
 d - a ring of magical power (left hand) {MP+9}
   (You found it on level 1 of the Dungeon)
Potions
 c - a potion of brilliance {unknown}


   Skills:
 - Level 4.0 Fighting
 + Level 4.5 Long Blades
 - Level 2.4 Armour
 - Level 1.1 Dodging


You had one spell level left.
You didn't know any spells.
Your spell library was empty.

Dungeon Overview and Level Annotations

Branches:
Dungeon (1/15)

Altars:


Innate Abilities, Weirdness & Mutations

You reflexively headbutt those who attack you in melee.
You have a pair of horns on your head.


Message History

You kill the frilled lizard!
Items here: )) ††.
A bat comes into view.
The bat barely misses you. You furiously retaliate!
You headbutt the bat.
You riposte.
You hit the bat but do no damage.
The bat is poisoned.
Your headbutt misses the bat.
The bat is heavily wounded.
You hit the bat.
You kill the bat!
You open the door.
There is an open door here.
You open the door.
There is an open door here.
Found a stone staircase leading down.
There is a stone staircase leading down here.
A jackal comes into view.
A jackal is nearby!
A jackal comes into view.
The jackal barely misses you.
A jackal comes into view.
The jackal barks!
The jackal bites you but does no damage.
The jackal closely misses you.
You barely miss the jackal. Your headbutt misses the jackal.
The jackal closely misses you.
A hobgoblin comes into view.
The jackal closely misses you.
You riposte.
The hobgoblin shouts!
You hit the jackal. Lightning courses through the jackal!
You kill the jackal!
The jackal bites you but does no damage.
You hit the jackal but do no damage. Your headbutt misses the jackal.
The jackal completely misses you.
You riposte.
You hit the jackal.
You kill the jackal!
The jackal bites you but does no damage.
The jackal barely misses you. You furiously retaliate!
You headbutt the jackal.
You riposte.
You closely miss the jackal. Your headbutt misses the jackal.
The jackal is moderately wounded.
The hobgoblin closely misses you.
You riposte.
You hit the hobgoblin.
The hobgoblin is almost dead.
You hit the hobgoblin. You freeze the hobgoblin.
You kill the hobgoblin!
The jackal closely misses you.
You closely miss the jackal. You headbutt the jackal.
You kill the jackal!
c - an emerald potion
d - a bone ring A kobold comes into view.
The kobold shouts!
You feel your magic capacity increase.
d - a ring of magical power (left hand)
The kobold hits you.
You take 1 damage, and have 26/27 hp.
You miss the kobold. The kobold closely misses you.
You hit the kobold.
You kill the kobold!
You see here a kobold corpse.
HP restored.
You see here a kobold corpse.
A bat comes into view.
Health restored: 27 You regained 6 mp, and now have 7/10 mp.
A bat is nearby!
The bat barely misses you.
You barely miss the bat. Your headbutt misses the bat. The bat hits you.
You take 1 damage, and have 26/27 hp.
The bat barely misses you.
You riposte.
You slash the bat! You freeze the bat.
You kill the bat!
You see here a bat corpse.
Magic restored.
A kobold comes into view. It is wielding a +0 short sword.
The kobold shouts!
The kobold throws a stone.
The stone hits you but does no damage.
You see here a stone.
Health restored: 27; MP restored: 10 The kobold throws a stone.
The stone hits you but does no damage.
You see here a stone.
You open the door.
A bat comes into view.
The kobold throws a stone.
The stone hits you but does no damage. The bat closely misses you.
You hit the bat but do no damage.
The bat changes into a glowing shapeshifter!
Xom is highly amused!
The glowing shapeshifter changes into a deep troll!
The kobold throws a stone.
The stone hits you but does no damage.
You hit the deep troll but do no damage.
Xom snickers.
The granite statue turns to stare at you.
You closely miss the deep troll. The deep troll bites you.
The deep troll claws you. The deep troll claws you!
You take 15 damage, and have 12/27 hp.
MASSIVE DAMAGE!!
A yak comes into view.
The yak changes into a meliai!
The kobold barely misses you. The meliai hits you!
* * * LOW HITPOINT WARNING * * *
A shower of butterflies erupts from you!
The meliai stings you!
You die...
Xom is highly amused!

### ..# .#
#.#..#################
#.##.#................
#.##.#.............#..
#÷##.#...###....8...##
#########.##.#bb## ##.........#.
........#.##.#.@## ##.(.........
#######......#byK###..(####....#
#......#..bb....#'(# #....
#...........8...#(## #....
#......#...÷....##. ##K...
#####......#...###...####...#.
#...#......#..## ##....b...##.
#.#.#.#'##.#..## ##...........
#.#.#.#.##.#...###....8...#...


You could see a meliai shaped shifter and a kobold.

Vanquished Creatures
  A ball python (D:1)
  4 hobgoblins (D:1)
  3 jackals (D:1)
  4 bats (D:1)
  2 frilled lizards (D:1)
  3 goblins (D:1)
  A kobold (D:1)
18 creatures vanquished.

Vanquished Creatures (others)
  4 toadstools (D:1)
4 creatures vanquished.

Grand Total: 22 creatures vanquished

Notes
Turn   | Place    | Note
-------+----------+-------------------------------------------
     0 | D:1      | Irenicus the Minotaur Chaos Knight began the quest for the
                  | Orb.
     0 | D:1      | Reached XP level 1. HP: 19/19 MP: 0/0
    11 | D:1      | XOM: divination: magic mapping
   120 | D:1      | Reached skill level 4 in Long Blades
   224 | D:1      | Reached skill level 4 in Fighting
   224 | D:1      | Reached XP level 2. HP: 27/27 MP: 1/1
   232 | D:1      | XOM: divination: detect creatures
   422 | D:1      | Noticed a glowing shapeshifter
   422 | D:1      | a bat changed into a glowing shapeshifter
   422 | D:1      | Noticed a deep troll
   422 | D:1      | a glowing shapeshifter changed into a deep troll
   423 | D:1      | XOM: silly message
   430 | D:1      | Noticed a yak
   432 | D:1      | Noticed a meliai
   432 | D:1      | a yak changed into a meliai
   436 | D:1      | HP: 3/27 [meliai (glowing shapeshifter) (10)]
   436 | D:1      | XOM: butterfly on damage
   436 | D:1      | Slain by a meliai (glowing shapeshifter)

Illustrated notes

Levels and vault maps discovered:
D:1:      erik_arrival_cave_to_civilisation [erik_arrival_cave_to_hall],
          layout_basic, corexii_hall_statues_i, minmay_gold_behind_fungi

Skill      XL: |  1 |
---------------+----+-----
Long Blades    | 4 |  4.5
Fighting       | 4 |  4.0
Armour         | |  2.4
Dodging        | |  1.1

Action                   || total
-------------------------++-------
Melee: Falchion          ||    38
       Headbutt          ||     5
Armor: Leather armour    ||    15
Dodge: Dodged            ||    32
       Rpst.: Falchion   ||    10

Table legend: (Time is in decaauts)
 A = Elapsed time spent in this place.
 B = Non-inter-level travel time spent in this place.
 C = Inter-level travel time spent in this place.
 D = Time resting spent in this place.
 E = Time spent auto-exploring this place.
 F = Levels seen in this place.
 G = Mean time per level.
                   A        B        C        D        E       F      G
               +--------+--------+--------+--------+--------+-----+--------+
         Total |    439 |    439 |      0 |      0 |    339 |   1 |  439.0 |
       Dungeon |    439 |    439 |      0 |      0 |    339 |   1 |  439.0 |
               +--------+--------+--------+--------+--------+-----+--------+

Top non-repeatable levels by time:
     D:1: 439 daAuts

Table legend:
 A = Kills in this place as a percentage of kills in entire the game.
 B = Kills by you in this place as a percentage of kills by you in the entire game.
 C = Kills by friends in this place as a percentage of kills by friends in the entire game.
 D = Other kills in this place as a percentage of other kills in the entire game.
 E = Experience gained in this place as a percentage of experience gained in the entire game.
 F = Experience gained in this place divided by the number of levels of this place that you have seen.
                   A       B       C       D       E      F
               +-------+-------+-------+-------+-------+----------------------
         Total | 100.0 | 100.0 |   N/A |   N/A | 100.0 |  28.0
       Dungeon | 100.0 | 100.0 |   N/A |   N/A | 100.0 |  28.0
               +-------+-------+-------+-------+-------+----------------------
